 Dungeon Crawl Stone Soup version 0.21.1-1-g345015f (webtiles) character file.

96 Goblin1989 the Insei (level 4, -7/32 HPs)
             Began as a Demonspawn Transmuter on Mar 5, 2018.
             Killed from afar by an orc wizard (11 damage)
             ... with a puff of frost
             ... on level 4 of the Dungeon.
             The game lasted 00:05:17 (3300 turns).

Goblin1989 the Insei (Demonspawn Transmuter)        Turns: 3300, Time: 00:05:19

Health: -7/32      AC:  8    Str: 10    XL:     4   Next: 41%
Magic:  7/7        EV: 10    Int: 16    God:
Gold:   133        SH:  0    Dex: 13    Spells: 4/7 levels left

rFire    . . .     SeeInvis .     - Unarmed
rCold    . . .     Gourm    .   (no shield)
rNeg     . . .     Faith    .   p - +0 ring mail
rPois    .         Spirit   .   (no helmet)
rElec    .         Reflect  .   (no cloak)
rCorr    .         Harm     .   (no gloves)
MR       .....                  m - +2 pair of boots
Stlth    +.........             (no amulet)
HPRegen  0.10/turn              (no ring)
MPRegen  0.10/turn              (no ring)

@: no status effects
A: hooves 2
a: no special abilities


You were on level 4 of the Dungeon.
You were very hungry.

You visited 1 branch of the dungeon, and saw 4 of its levels.

You collected 133 gold pieces.

Inventory:

Hand Weapons
 w - a +0 great sword
 Y - the +4 trident of Alioph {freeze, *Corrode +Rage rC++ Dex+2}
   (You found it on level 4 of the Dungeon)

   It has been specially enchanted to freeze those struck by it, causing extra
   injury to most foes and up to half again as much damage against particularly
   susceptible opponents.
   It can also slow down cold-blooded creatures.
   It affects your dexterity (+2).
   It greatly protects you from cold.
   It lets you go berserk.
   It may corrode you when you take damage.
Missiles
 a - 91 arrows
 k - 77 stones (quivered) {@Q3}
 o - 59 bolts
 Z - 2 throwing nets {!d , @Q1}
Armour
 m - a +2 pair of boots (worn)
 p - a +0 ring mail (worn)
Scrolls
 h - 4 scrolls of fear {unknown}
 j - 4 scrolls of identify {unknown}
 l - a scroll of random uselessness {unknown}
 n - 2 scrolls of remove curse {unknown}
 q - a scroll of enchant armour {unknown}
 r - a scroll of amnesia {unknown}
 s - a scroll of magic mapping {unknown}
 u - a scroll of noise {unknown}
 y - 4 scrolls of teleportation {unknown}
Potions
 g - a potion of invisibility {unknown}
 i - 2 potions of cancellation {unknown}
 v - a potion of curing {unknown}
 W - a potion of lignification {unknown}
 X - a potion of might {unknown}
Books
 c - a book of Changes

   Spells                             Type                      Level
   a - Beastly Appendage              Transmutation                1
   b - Sticks to Snakes               Transmutation                2
   c - Spider Form                    Transmutation/Poison         3
   d - Ice Form                       Ice/Transmutation            4
   e - Blade Hands                    Transmutation                5
Comestibles
 e - 5 rations


   Skills:
 - Level 1.0 Fighting
 - Level 1.7 Dodging
 + Level 4.8 Unarmed Combat
 - Level 2.0 Spellcasting
 - Level 1.7 Transmutations


You had 4 spell levels left.
You knew the following spells:

 Your Spells              Type           Power        Failure   Level  Hunger
a - Beastly Appendage     Tmut           #.....       26%         1    #......
b - Sticks to Snakes      Tmut           #.......     36%         2    ###....


Dungeon Overview and Level Annotations

Branches:
Dungeon (4/15)
 Temple: D:4-7

Altars:
Elyvilon

Annotations:
D:3 Grinder


Innate Abilities, Weirdness & Mutations

You have hoof-like feet.


Message History

You regained 2 hp, and now have 29/32 hp.
There is a stone staircase leading down here.
You climb downwards.
There is a stone staircase leading up here.
Unknown command.
HP restored.
e - 5 rations (gained 1) Health restored: 32 You now have 117 gold pieces (gained 11).
You now have 133 gold pieces (gained 16).
You open the door.
There is an open door here.
y - 4 scrolls labeled UCWISM ZAUNLA (gained 1)
You open the door.
There is an open door here.
k - 77 stones {@Q3} (gained 14)
Found a stone staircase leading up.
Y - an ichor-stained trident Wield which item (- for none, * to show all)? (? for menu, Esc to quit)
You feel agile.
The +4 trident of Alioph {freeze, *Corrode +Rage rC++ Dex+2} glows with a cold blue light!
Y - the +4 trident of Alioph (weapon)
{freeze, *Corrode +Rage rC++ Dex+2} The +4 trident of Alioph {freeze, *Corrode +Rage rC++ Dex+2} stops glowing.
You are now empty-handed.
You open the door.
There is an open door here.
W - an amethyst potion You open the door. 2 orcs and an orc wizard come into view.
The orc wizard is wielding a dagger of electrocution.
The orc shouts!
The orc wizard shouts!
The orc wizard looks braver for a moment.
The orc hits you but does no damage.
The orc wizard points at you and mumbles some strange words.
The magic dart hits you! The orc closely misses you.
There is an open door here.
You hit the orc.
You kill the orc!
The orc closely misses you.
You barely miss the orc wizard.
The orc wizard hits you but does no damage.
The orc barely misses you.
Your ring mail prevents you from hitting the orc wizard.
The orc wizard hits you but does no damage.
The orc barely misses you.
You hit the orc wizard but do no damage.
The orc wizard hits you but does no damage.
The orc hits you but does no damage.
You hit the orc wizard but do no damage.
The orc wizard hits you but does no damage.
The orc closely misses you.
You closely miss the orc wizard.
The orc wizard miscasts a cantrip.
You barely miss the orc wizard. The orc hits you but does no damage.
The orc wizard hits you but does no damage.
You hit the orc wizard.
The orc wizard is lightly wounded.
The orc hits you but does no damage.
The orc wizard hits you but does no damage.
You hit the orc wizard but do no damage.
The orc wizard is lightly wounded.
The orc barely misses you.
The orc wizard points at you and mumbles some strange words.
The puff of frost hits you!
You take 10 damage, and have 22/32 hp.
MASSIVE DAMAGE!!
You barely miss the orc wizard.
The orc wizard is lightly wounded.
The orc hits you but does no damage.
The orc wizard hits you but does no damage.
You closely miss the orc wizard.
The orc wizard is lightly wounded.
The orc barely misses you.
You closely miss the orc wizard.
The orc wizard is lightly wounded.
The orc wizard hits you but does no damage.
You are electrocuted!
Ouch! That really hurt!
* * * LOW HITPOINT WARNING * * *
You are too injured to fight recklessly!
You take 18 damage, and have 4/32 hp.
MASSIVE DAMAGE!!
You are too injured to fight recklessly!
You are too injured to fight recklessly!
You are too injured to fight recklessly!
You are too injured to fight recklessly!
You are too injured to fight recklessly!
You are too injured to fight recklessly!
You are too injured to fight recklessly!
You are too injured to fight recklessly!
You are too injured to fight recklessly!
You are too injured to fight recklessly!
You are too injured to fight recklessly!
You are too injured to fight recklessly!
You are too injured to fight recklessly!
You are too injured to fight recklessly!
You are too injured to fight recklessly!
You are too injured to fight recklessly!
Unknown command.
The orc wizard gestures at you while chanting.
The puff of frost hits you!
You die... ███████████

█.....█...█
█.....█...█
█.....█...█
█..oo.█...█ ██∆█
█...█
██.@███...████
█............█
█............█
█............█
█............█
█............█ ██
█∆████....████
.█████████████.██
█....█
................█
......█


You could see an orc wizard and an orc.

Vanquished Creatures
  2 adders (D:2)
  2 gnolls (D:3)
  2 worms
  4 dart slugs
  2 leopard geckos
  2 orcs
  2 giant cockroaches
  6 goblins
  4 hobgoblins
  A kobold (D:3)
  A quokka (D:2)
  7 bats
  2 frilled lizards (D:2)
  5 rats
42 creatures vanquished.

Notes
Turn   | Place    | Note
-------+----------+-------------------------------------------
     0 | D:1      | Goblin1989 the Demonspawn Transmuter began the quest for the Orb.
     0 | D:1      | Reached XP level 1. HP: 15/15 MP: 3/3
    84 | D:1      | Reached skill level 3 in Unarmed Combat
   689 | D:1      | Gained mutation: You have large cloven feet. [demonic ancestry]
   689 | D:1      | Reached XP level 2. HP: 14/21 MP: 5/5
  1426 | D:2      | Found a white marble altar of Elyvilon.
  1538 | D:2      | Gained mutation: You have hoof-like feet. [demonic ancestry]
  1538 | D:2      | Reached XP level 3. HP: 16/26 MP: 6/6
  1542 | D:2      | Learned a level 2 spell: Sticks to Snakes
  1745 | D:2      | Reached skill level 4 in Unarmed Combat
  2689 | D:3      | Reached XP level 4. HP: 32/32 MP: 7/7
  3177 | D:3      | Noticed Grinder
  3269 | D:4      | Got an ichor-stained trident
  3270 | D:4      | Identified the +4 trident of Alioph {freeze, *Corrode +Rage rC++ Dex+2} (You found it on level 4 of the Dungeon)
  3300 | D:4      | Killed from afar by an orc wizard

Skill      XL: |  1  2  3 |
---------------+----------+-----
Unarmed Combat | 3 4 |  4.8
Fighting       | |  1.0
Dodging        | |  1.7
Spellcasting   | |  2.0
Transmutations | |  1.7

Action                   |  1- 3 |  4- 6 || total
-------------------------+-------+-------++-------
Melee: Unarmed           |   119 |    58 ||   177
       Kick              |    18 |       ||    18
       Punch             |     2 |     1 ||     3
  Eat: Chunk             |     5 |     1 ||     6
Armor: Robe              |    24 |       ||    24
       Ring mail         |     6 |    23 ||    29
Dodge: Dodged            |    64 |    25 ||    89

Vault maps used:
D:1:      minmay_arrival_stair_chambers, supply_closet_lemuel,
          kennysheep_decorative_pillar, patterned_corridor
D:2:      nicolae_overflow_crystal_walls, serial_forest,
          infiniplex_forest_corner_2, infiniplex_forest_lined_2,
          infiniplex_forest_corner_1, infiniplex_forest_lined_corner,
          st_stairs_9
D:3:      minivault_23, hangedman_decor_growths, uniq_grinder, uniq_robin
D:4:      first_ration, uniq_sigmund, uniq_pikel
